 Dungeon Crawl Stone Soup version 0.21.1-1-g345015f (webtiles) character file.

74 Mesmaeker13 the Charmwright (level 3, -1/30 HPs)
             Began as a Demigod Skald on Apr 4, 2018.
             Slain by a scorpion (7 damage)
             ... on level 2 of the Dungeon.
             The game lasted 00:03:38 (1698 turns).

Mesmaeker13 the Charmwright (Demigod Skald)         Turns: 1698, Time: 00:03:39

Health: -1/30      AC:  3    Str: 16    XL:     3   Next: 86%
Magic:  3/8        EV: 12    Int: 17    God:
Gold:   101        SH:  0    Dex: 15    Spells: 2/5 levels left

rFire    + . .     SeeInvis .   a - +0 falchion
rCold    . . .     Gourm    .   (no shield)
rNeg     . . .     Faith    .   b - +0 leather armour
rPois    .         Spirit   .   (no helmet)
rElec    .         Reflect  .   (no cloak)
rCorr    .         Harm     .   (no gloves)
MR       .....                  (no boots)
Stlth    +.........             (no amulet)
HPRegen  0.10/turn              e - ring of protection from fire
MPRegen  0.11/turn              (no ring)

@: lethally poisoned (-1 -> -4), infused
A: high mp 1
a: no special abilities


You were on level 2 of the Dungeon.
You were not hungry.

You visited 1 branch of the dungeon, and saw 3 of its levels.

You collected 101 gold pieces.

Inventory:

Hand Weapons
 a - a +0 falchion (weapon)
Armour
 b - a +0 leather armour (worn)
Jewellery
 e - a ring of protection from fire (left hand)
Scrolls
 f - a scroll of enchant armour
 j - 2 scrolls of magic mapping
 l - a scroll of identify
Potions
 g - a potion of agility
 h - 2 potions of brilliance
 i - a potion of flight {unknown}
 k - 2 potions of magic {unknown}
 n - a potion of heal wounds {unknown}
Books
 c - a book of Battle

   Spells                             Type                      Level
   a - Infusion                       Charms                       1
   b - Shroud of Golubria             Charms/Translocation         2
   c - Song of Slaying                Charms                       2
   d - Spectral Weapon                Hexes/Charms                 3
   e - Regeneration                   Charms/Necromancy            3
Comestibles
 d - 3 rations


   Skills:
 + Level 2.5 Fighting
 + Level 2.4 Long Blades
 + Level 1.6 Armour
 - Level 2.0 Dodging
 - Level 1.7 Spellcasting
 + Level 3.2 Charms


You had 2 spell levels left.
You knew the following spells:

 Your Spells              Type           Power        Failure   Level  Hunger
a - Infusion              Chrm           ##..         6%          1    #......
b - Shroud of Golubria    Chrm/Tloc      #.........   19%         2    ###....


Dungeon Overview and Level Annotations

Branches:
Dungeon (3/15)

Annotations:
D:3 ceb's ghost, amateur DsFi


Innate Abilities, Weirdness & Mutations

You have an increased reservoir of magic. (+10% MP)


Message History

Casting: Shroud of Golubria
Confirm with . or Enter, or press ? or * to list all spells.
You begin infusing your attacks with magical energy.
The scorpion stings you.
Your shroud falls apart!
The scorpion stings you.
You are poisoned.
The scorpion poisons you!
You closely miss the scorpion.
You feel sick. The scorpion barely misses you.
You hit the scorpion but do no damage.
You feel sick. The scorpion stings you.
You hit the scorpion but do no damage. The scorpion stings you!
* * * LOW HITPOINT WARNING * * *
You hit the scorpion.
The scorpion is lightly wounded.
You feel sick.
The scorpion stings you but does no damage.
You hit the scorpion!
The scorpion is heavily wounded.
The scorpion stings you!
You die...

...##....#)#...#.>.......(#(.....
...##...................)........
...##......#..##.....(...........
#.###......#...#.................
#.##<.[....#.#.#......#.#####..##
#.###..###.#.#...######.# ##...#
#......# #.#.##..# #.# #.....
#.###.## #.#.##..# #.# #....# #.#
### #......@######.# #..... #.#
#.#...s......#.####..#.. #.#
#.#..#######.........### #.#
#....# #.#.#.......# #.# ###.<#
####.#.####.#### #.#
#.#####....#.####.# #.#
#.................# #.#
################### #.#


You could see a scorpion.

Vanquished Creatures
  A hound skeleton (D:2)
  2 adders (D:2)
  A worm (D:2)
  2 leopard geckos (D:2)
  2 giant cockroaches (D:1)
  5 goblins (D:1)
  8 hobgoblins
  5 bats
  5 frilled lizards
  A kobold (D:2)
  7 rats
39 creatures vanquished.

Notes
Turn   | Place    | Note
-------+----------+-------------------------------------------
     0 | D:1      | Mesmaeker13 the Demigod Skald began the quest for the Orb.
     0 | D:1      | Reached XP level 1. HP: 17/17 MP: 5/5
   209 | D:1      | Reached XP level 2. HP: 20/24 MP: 4/7
   268 | D:1      | Reached skill level 1 in Armour
   661 | D:2      | Learned a level 2 spell: Shroud of Golubria
   668 | D:2      | Reached skill level 3 in Charms
   800 | D:2      | Reached XP level 3. HP: 23/29 MP: 5/8
  1456 | D:2      | Found an opulent altar of Gozag.
  1456 | D:2      | Found an iron altar of Okawaru.
  1461 | D:2      | Found a sacrificial altar of Ru.
  1463 | D:2      | Found a basalt altar of Yredelemnul.
  1465 | D:2      | Found a shadowy altar of Dithmenos.
  1613 | D:3      | Noticed ceb's ghost (amateur DsFi)
  1688 | D:3      | Noticed a scorpion
  1698 | D:2      | Slain by a scorpion

Skill      XL: |  1  2 |
---------------+-------+-----
Fighting       | 2 |  2.5
Long Blades    | 2 |  2.4
Dodging        | 2 |  2.0
Armour         | 1 |  1.6
Charms         | 3 |  3.2
Spellcasting   | |  1.7

Action                   || total
-------------------------++-------
Melee: Falchion          ||    86
 Cast: Infusion          ||    15
       Shroud of Golubri ||     4
  Use: Scroll            ||     5
 Stab: Sleeping          ||     1
  Eat: Chunk             ||     3
Armor: Leather armour    ||    26
Dodge: Dodged            ||    61
       Rpst.: Falchion   ||    24
